Senators vs Sasquatch
Created - January 11, 2021 at 19:11
Goals
|
| Senators |
1 |
5 |
1 |
7 |
| Sasquatch |
0 |
0 |
2 |
2 |
|
Shots
|
| Senators |
12 |
21 |
6 |
39 |
| Sasquatch |
8 |
12 |
15 |
35 |
|
1st period
1. Senators , Kevin Rooney 4 (Zemgus Girgensons 6) at 17:23 (PP)
Penalties :
Scott Harrington (BIN) for High sticking (Minor) at 11:42, Timo Meier (Gat) for Interference (Minor) at 16:53
2nd period
2. Senators , Chandler Stephenson 5 (A.J. Jenks 8, Scott Harrington 12) at 1:41
3. Senators , Zemgus Girgensons 11 (Anthony Bitetto 10, Kevin Rooney 8) at 14:51
4. Senators , Nick Foligno 19 (Keegan Lowe 16, Nathan Gerbe 44) at 14:55
5. Senators , Jonathan Ferland 22 (Nathan Gerbe 45) at 15:18
6. Senators , Chandler Stephenson 6 (A.J. Jenks 9, Keegan Lowe 17) at 18:50
Penalties :
Keegan Lowe (BIN) for Holding (Minor) at 7:00, Jujhar Khaira (Gat) for Kneeing (Minor) at 7:14
3rd period
7. Sasquatch , Ethan Bear 1 (Jujhar Khaira 24, Devin Shore 45) at 1:03
8. Sasquatch , Sergey Kalinin 7 (Roope Hintz 2, Timo Meier 18) at 16:13
9. Senators , A.J. Jenks 8 (Chandler Stephenson 10) at 16:47
Penalties :
Keegan Lowe (BIN) for Boarding (Minor) at 19:07
Goalie Stats
Justin Peters (BIN), 33 saves from 35 shots - (0.943), W, 17-11-2, 60:00 minutes
Joonas Korpisalo (Gat), 32 saves from 39 shots - (0.821), L, 11-10-5, 60:00 minutes
Players Stats for Senators
Player Name G A P +/- PIM S H SB GA TA FO MP PP MP PK MP
------------------------------------------------------------------------------------
A.J. Jenks 1 2 3 1 0 5 0 0 0 0 0/1 14:56 0:00 0:00
Anthony Bitetto 0 1 1 4 0 5 1 3 0 0 0/0 23:57 0:23 1:40
Brett Bulmer 0 0 0 1 0 0 2 1 0 0 0/0 14:36 0:00 0:00
Chandler Stephenson 2 1 3 1 0 3 3 1 1 0 3/7 14:51 0:00 0:00
Dylan Blujus 0 0 0 0 0 0 1 3 0 1 0/0 17:34 0:21 1:25
Eric Mestery 0 0 0 0 0 0 0 0 0 0 0/0 12:54 0:00 0:00
Grant Besse 0 0 0 1 0 2 2 2 0 1 0/0 16:46 0:11 0:00
Jack Dougherty 0 0 0 0 0 0 1 1 0 0 0/0 13:14 0:00 1:16
Jonathan Ferland 1 0 1 2 0 6 2 0 2 0 2/5 23:49 0:33 1:54
Joonas Lyytinen 0 0 0 0 0 0 0 0 0 0 0/0 6:54 0:00 0:05
Keegan Lowe 0 2 2 4 4 5 0 1 0 2 0/0 23:38 0:37 1:09
Kevin Rooney 1 1 2 1 0 2 1 0 0 0 8/17 16:47 0:11 0:03
Kyle Connor 0 0 0 0 0 0 0 0 0 0 0/0 4:39 0:14 0:15
Nathan Gerbe 0 2 2 2 0 3 0 0 1 2 16/30 23:04 0:19 1:55
Nick Foligno 1 0 1 2 0 3 2 0 0 0 0/1 18:01 0:19 0:40
Philippe Myers 0 0 0 0 0 0 0 0 0 0 0/0 6:23 0:00 0:00
Scott Harrington 0 1 1 0 2 1 1 5 0 1 0/0 18:18 0:21 0:35
Zachary Sanford 0 0 0 0 0 0 1 0 0 0 0/0 6:15 0:00 0:28
Zemgus Girgensons 1 1 2 1 0 4 2 2 1 1 0/0 18:31 0:11 0:55
Players Stats for Sasquatch
Player Name G A P +/- PIM S H SB GA TA FO MP PP MP PK MP
------------------------------------------------------------------------------------
Brandon Montour 0 0 0 -3 0 3 1 2 1 1 0/0 22:38 1:48 0:30
Collin Miller 0 0 0 0 0 2 0 0 0 1 0/0 17:32 1:17 0:00
Devin Shore 0 1 1 1 0 6 4 1 2 0 15/24 21:26 1:45 0:00
Ethan Bear 1 0 1 -2 0 3 0 1 0 0 0/0 17:24 1:48 0:00
Hudson Fasching 0 0 0 -1 0 1 0 0 0 0 0/0 9:17 0:00 0:00
Jack Roslovic 0 0 0 -1 0 1 0 0 0 0 0/3 9:17 0:00 0:00
Jujhar Khaira 0 1 1 0 2 3 1 1 1 0 1/3 20:49 1:44 0:00
Martin Marincin 0 0 0 -2 0 0 1 3 0 2 0/0 20:57 0:00 0:44
Patrick Wey 0 0 0 -3 0 1 0 1 0 1 0/0 26:09 1:17 0:14
Petr Straka 0 0 0 -3 0 2 0 1 2 0 0/1 15:26 1:20 0:00
Roland McKeown 0 0 0 0 0 1 0 1 0 0 0/0 14:46 0:00 0:00
Roope Hintz 0 1 1 -3 0 1 3 0 0 0 1/1 15:00 0:00 0:01
Sam Reinhart 0 0 0 0 0 1 0 0 0 0 0/0 12:27 0:00 0:00
Sergey Kalinin 1 0 1 -3 0 3 2 1 0 0 11/21 15:56 0:00 0:44
T.J. Tynan 0 0 0 0 0 1 1 0 1 0 3/6 13:43 1:20 0:00
Teemu Hartikainen 0 0 0 0 0 2 0 1 1 0 0/0 12:57 0:00 0:43
Timo Meier 0 1 1 1 2 4 0 0 0 0 1/2 20:31 1:45 0:00
Valentin Zykov 0 0 0 -1 0 0 2 0 0 0 0/0 11:14 1:20 0:00
3 Stars
1 - Chandler Stephenson (BIN)
2 - A.J. Jenks (BIN)
3 - Zemgus Girgensons (BIN)
Power Play
Senators - 1 on 2 Attempt(s) - 50.00%
Sasquatch - 0 on 3 Attempt(s) - 0.00%
Penalty Kill
Senators - 3 on 3 Attempt(s) - 100.00%
- Score 0 goal in Penalty Kill
Sasquatch - 1 on 2 Attempt(s) - 50.00%
- Score 0 goal in Penalty Kill
Team Stat
Senators - Hits : 19 - Faceoff Wins : 29 - Blocked Shots : 19 - Penalty Minutes : 6
Sasquatch - Hits : 15 - Faceoff Wins : 32 - Blocked Shots : 13 - Penalty Minutes : 4
Official
Referees : Unknown
Linesman : Unknown
Game Notes
No Game Note
Finance
Level 1 -- Attendance: 1300 (65.00%) -- Ticket Income $52,000
Level 2 -- Attendance: 677 (67.70%) -- Ticket Income $13,540
Total Attendance: 1977 (65.90%)
Total Ticket Income: $65,540
Other Income: $3,277
Total Income: $68,817
Senators
5 vs 5 Forward
Center Left Wing Right Wing Time % Phy DF OF
1 Nathan Gerbe Nick Foligno Jonathan Ferland 40 1 2 2
2 Kevin Rooney Zemgus Girgensons Grant Besse 30 1 2 2
3 Chandler Stephenson A.J. Jenks Brett Bulmer 20 1 2 2
4 Jonathan Ferland Zachary Sanford Nathan Gerbe 10 1 2 2
5 vs 5 Defense
Defense Defense Time % Phy DF OF
1 Anthony Bitetto Keegan Lowe 40 1 2 2
2 Dylan Blujus Scott Harrington 30 1 2 2
3 Eric Mestery Jack Dougherty 20 1 2 2
4 Joonas Lyytinen Philippe Myers 10 1 2 2
PowerPlay Forward
Center Left Wing Right Wing Time % Phy DF OF
1 Nathan Gerbe Nick Foligno Jonathan Ferland 60 1 2 2
2 Kevin Rooney Zemgus Girgensons Grant Besse 40 1 2 2
PowerPlay Defense
Defense Defense Time % Phy DF OF
1 Anthony Bitetto Keegan Lowe 60 1 2 2
2 Dylan Blujus Scott Harrington 40 1 2 2
Penalty Kill 4 Players Forward
Center Wing Time % Phy DF OF
1 Jonathan Ferland Nathan Gerbe 60 1 2 2
2 Nick Foligno Zemgus Girgensons 40 1 2 2
Penalty Kill 4 Players Defense
Defense Defense Time % Phy DF OF
1 Anthony Bitetto Keegan Lowe 60 1 2 2
2 Dylan Blujus Scott Harrington 40 1 2 2
Penalty Kill - 3 Players Forward
Forward Time % Phy DF OF
1 Jonathan Ferland 60 1 2 2
2 Nathan Gerbe 40 1 2 2
Penalty Kill - 3 Players Defense
Defense Defense Time % Phy DF OF
1 Anthony Bitetto Keegan Lowe 60 1 2 2
2 Dylan Blujus Scott Harrington 40 1 2 2
4 vs 4 Forward
Center Wing Time % Phy DF OF
1 Jonathan Ferland Nathan Gerbe 60 1 2 2
2 Nick Foligno Zemgus Girgensons 40 1 2 2
4 vs 4 Defense
Defense Defense Time % Phy DF OF
1 Anthony Bitetto Keegan Lowe 60 1 2 2
2 Dylan Blujus Scott Harrington 40 1 2 2
Last Minutes Offensive
Center Left Wing Right Wing Defense Defense
Nathan Gerbe Nick Foligno Jonathan Ferland Anthony Bitetto Keegan Lowe
Last Minutes Defensive
Center Left Wing Right Wing Defense Defense
Nathan Gerbe Nick Foligno Jonathan Ferland Anthony Bitetto Keegan Lowe
Goaltenders
Starting : Justin Peters
Backup : Sami Aittokallio
Extra Forwards
Normal : Kyle Connor, A.J. Jenks, Zachary Sanford - PP : Kyle Connor, A.J. Jenks - PK : Zachary Sanford
Extra Defensemen
Normal : Eric Mestery, Jack Dougherty, Joonas Lyytinen - PP : Eric Mestery - PK : Jack Dougherty, Joonas Lyytinen
Penalty Shots
Jonathan Ferland, Nathan Gerbe, Nick Foligno, Zemgus Girgensons, A.J. Jenks
Scratches
Jordan Schroeder (Healthy), Zach Nastasiuk (Healthy), Tomas Jurco (Healthy), Anthony Richard (Healthy), Joel Eriksson Ek (Healthy)
Jonas Siegenthaler (Healthy), Mason Geertsen (Healthy), Blake Coleman (Healthy), Branden Troock (Healthy), Gustav Forsling (Healthy)
Warren Foegele (Healthy), Jake Evans (Healthy), Adam Ollas-Mattsson (Healthy), Maxim Letunov (Healthy), Pontus Sjalin (Healthy)
Keven Bouchard (Healthy)
Sasquatch
5 vs 5 Forward
Center Left Wing Right Wing Time % Phy DF OF
1 Devin Shore Jujhar Khaira Timo Meier 40 1 2 2
2 Sergey Kalinin Roope Hintz Petr Straka 30 1 2 2
3 T.J. Tynan Teemu Hartikainen Sam Reinhart 20 1 2 2
4 Jack Roslovic Valentin Zykov Hudson Fasching 10 1 2 2
5 vs 5 Defense
Defense Defense Time % Phy DF OF
1 Patrick Wey Brandon Montour 40 1 2 2
2 Martin Marincin Ethan Bear 30 1 2 2
3 Roland McKeown Collin Miller 20 1 2 2
4 Patrick Wey Martin Marincin 10 1 2 2
PowerPlay Forward
Center Left Wing Right Wing Time % Phy DF OF
1 Devin Shore Jujhar Khaira Timo Meier 60 1 2 2
2 T.J. Tynan Valentin Zykov Petr Straka 40 1 2 2
PowerPlay Defense
Defense Defense Time % Phy DF OF
1 Brandon Montour Ethan Bear 60 1 2 2
2 Patrick Wey Collin Miller 40 1 2 2
Penalty Kill 4 Players Forward
Center Wing Time % Phy DF OF
1 Sergey Kalinin Teemu Hartikainen 60 1 2 2
2 T.J. Tynan Roope Hintz 40 1 2 2
Penalty Kill 4 Players Defense
Defense Defense Time % Phy DF OF
1 Martin Marincin Brandon Montour 60 1 2 2
2 Collin Miller Roland McKeown 40 1 2 2
Penalty Kill - 3 Players Forward
Forward Time % Phy DF OF
1 Sergey Kalinin 60 1 2 2
2 Teemu Hartikainen 40 1 2 2
Penalty Kill - 3 Players Defense
Defense Defense Time % Phy DF OF
1 Roland McKeown Martin Marincin 60 1 2 2
2 Brandon Montour Collin Miller 40 1 2 2
4 vs 4 Forward
Center Wing Time % Phy DF OF
1 Devin Shore Jujhar Khaira 60 1 2 2
2 Sergey Kalinin Petr Straka 40 1 2 2
4 vs 4 Defense
Defense Defense Time % Phy DF OF
1 Patrick Wey Martin Marincin 60 1 2 2
2 Brandon Montour Collin Miller 40 1 2 2
Last Minutes Offensive
Center Left Wing Right Wing Defense Defense
Devin Shore Jujhar Khaira Timo Meier Patrick Wey Ethan Bear
Last Minutes Defensive
Center Left Wing Right Wing Defense Defense
Sergey Kalinin Teemu Hartikainen Hudson Fasching Collin Miller Martin Marincin
Goaltenders
Starting : Joonas Korpisalo
Backup : Anders Nilsson
Extra Forwards
Normal : T.J. Tynan, Valentin Zykov, Sam Reinhart - PP : T.J. Tynan, Valentin Zykov - PK : Sam Reinhart
Extra Defensemen
Normal : Roland McKeown, Ethan Bear, Brandon Montour - PP : Roland McKeown - PK : Ethan Bear, Brandon Montour
Penalty Shots
Jack Roslovic, Devin Shore, Petr Straka, T.J. Tynan, Roope Hintz
Scratches
Scott Wilson (Healthy), Nikita Nesterov (Healthy), Tony DeAngelo (Separated Right Shoulder Injury), Christoffer Ehn (Healthy), Dylan Sikura (Healthy)
Alex Lintuniemi (Healthy), Eamon McAdam (Healthy)
% Time on Ice - Senators
Lines # - Real PCT - Wanted PCT - Time Play
Normal Forward
1 - 34% - 40% - 18:31
2 - 31% - 30% - 16:55
3 - 27% - 20% - 14:57
4 - 7% - 10% - 4:03
Normal Defense
1 - 39% - 40% - 20:58
2 - 28% - 30% - 14:59
3 - 22% - 20% - 11:58
4 - 12% - 10% - 6:31
PP Forward
1 - 75% - 60% - 0:33
2 - 25% - 40% - 0:11
PP Defense
1 - 52% - 60% - 0:23
2 - 48% - 40% - 0:21
PK Forward
1 - 78% - 60% - 2:25
2 - 22% - 40% - 0:40
PK Defense
1 - 54% - 60% - 1:40
2 - 46% - 40% - 1:25
PK3 Forward
1 - 0% - 60%
2 - 0% - 40%
PK3 Defense
1 - 0% - 60%
2 - 0% - 40%
44 Forward
1 - 77% - 60% - 1:21
2 - 23% - 40% - 0:24
44 Defense
1 - 53% - 60% - 0:56
2 - 47% - 40% - 0:49
Last Minute Offensive - 0:00
Last Minute Defensive - 0:00
Total
Forward - 60:00
Defense - 60:00
|
% Time on Ice - Sasquatch
Lines # - Real PCT - Wanted PCT - Time Play
Normal Forward
1 - 36% - 40% - 19:26
2 - 26% - 30% - 14:25
3 - 21% - 20% - 11:18
4 - 17% - 10% - 9:17
Normal Defense
1 - 37% - 40% - 20:22
2 - 30% - 30% - 16:11
3 - 26% - 20% - 14:25
4 - 6% - 10% - 3:28
PP Forward
1 - 57% - 60% - 1:45
2 - 43% - 40% - 1:20
PP Defense
1 - 58% - 60% - 1:48
2 - 42% - 40% - 1:17
PK Forward
1 - 100% - 60% - 0:44
2 - 0% - 40% - 0:00
PK Defense
1 - 100% - 60% - 0:44
2 - 0% - 40% - 0:00
PK3 Forward
1 - 0% - 60%
2 - 0% - 40%
PK3 Defense
1 - 0% - 60%
2 - 0% - 40%
44 Forward
1 - 100% - 60% - 1:45
2 - 0% - 40% - 0:00
44 Defense
1 - 49% - 60% - 0:51
2 - 51% - 40% - 0:54
Last Minute Offensive - 0:00
Last Minute Defensive - 0:00
Total
Forward - 60:00
Defense - 60:00
|
Play-by-Play
1st period
0:01 of 1st period - Devin Shore wins face-off versus Nathan Gerbe in neutral zone.
0:08 of 1st period - Slapshot by Jujhar Khaira.
0:08 of 1st period - Stopped by Justin Peters without a rebound.
0:09 of 1st period - Devin Shore wins face-off versus Nathan Gerbe in Senators zone.
1:07 of 1st period - Patrick Wey is hit by Nick Foligno and loses puck.
1:22 of 1st period - Snap shot by Jujhar Khaira.
1:22 of 1st period - Shot Misses the Net.
1:54 of 1st period - Slapshot by Nathan Gerbe.
1:54 of 1st period - Shot Blocked by Patrick Wey.
1:56 of 1st period - Wrist shot by Jonathan Ferland.
1:56 of 1st period - Shot Misses the Net.
1:58 of 1st period - Wrist shot by Nick Foligno.
1:58 of 1st period - Shot Misses the Net.
2:00 of 1st period - Slapshot by Anthony Bitetto.
2:00 of 1st period - Stopped by Joonas Korpisalo with a rebound.
2:02 of 1st period - Slapshot by Keegan Lowe.
2:02 of 1st period - Stopped by Joonas Korpisalo with a rebound.
2:04 of 1st period - Snap shot by Nathan Gerbe.
2:04 of 1st period - Shot Blocked by Brandon Montour.
2:25 of 1st period - Anthony Bitetto is hit by Devin Shore and loses puck.
2:33 of 1st period - Icing by Anthony Bitetto.
2:34 of 1st period - Sergey Kalinin wins face-off versus Nathan Gerbe in Senators zone.
2:59 of 1st period - Anthony Bitetto is hit by T.J. Tynan and loses puck.
3:08 of 1st period - Snap shot by Sam Reinhart.
3:08 of 1st period - Deflect By Grant Besse.
3:08 of 1st period - Stopped by Justin Peters with a rebound.
3:53 of 1st period - Icing by Scott Harrington.
3:54 of 1st period - T.J. Tynan wins face-off versus Kevin Rooney in Senators zone.
5:07 of 1st period - Teemu Hartikainen is hit by Chandler Stephenson and loses puck.
5:18 of 1st period - Slapshot by Petr Straka.
5:18 of 1st period - Shot Blocked by Dylan Blujus.
5:20 of 1st period - Slapshot by Roope Hintz.
5:20 of 1st period - Shot Blocked by Scott Harrington.
5:22 of 1st period - Snap shot by Petr Straka.
5:22 of 1st period - Shot Misses the Net.
5:26 of 1st period - Snap shot by Sergey Kalinin.
5:26 of 1st period - Shot Misses the Net.
7:19 of 1st period - Chandler Stephenson is hit by Brandon Montour and loses puck.
7:30 of 1st period - Brandon Montour is hit by Kevin Rooney and loses puck.
7:52 of 1st period - Icing by Sergey Kalinin.
7:53 of 1st period - Sergey Kalinin wins face-off versus Nathan Gerbe in Sasquatch zone.
8:25 of 1st period - Icing by Jack Roslovic.
8:26 of 1st period - T.J. Tynan wins face-off versus Kevin Rooney in Sasquatch zone.
9:20 of 1st period - Backhand shot by Teemu Hartikainen.
9:20 of 1st period - Stopped by Justin Peters with a rebound.
9:30 of 1st period - Wrist shot by Teemu Hartikainen.
9:30 of 1st period - Deflect By T.J. Tynan.
9:30 of 1st period - Shot Misses the Net.
9:30 of 1st period - Puck is out of play.
9:31 of 1st period - Sergey Kalinin wins face-off versus Jonathan Ferland in Senators zone.
9:40 of 1st period - Snap shot by Sergey Kalinin.
9:40 of 1st period - Shot Blocked by Scott Harrington.
9:44 of 1st period - Snap shot by Petr Straka.
9:44 of 1st period - Deflect By Sergey Kalinin.
9:44 of 1st period - Stopped by Justin Peters with a rebound.
9:46 of 1st period - Slapshot by Patrick Wey.
9:46 of 1st period - Stopped by Justin Peters without a rebound.
9:47 of 1st period - Nathan Gerbe wins face-off versus Devin Shore in Senators zone.
9:54 of 1st period - Wrist shot by Jonathan Ferland.
9:54 of 1st period - Shot Misses the Net.
10:02 of 1st period - Slapshot by Nathan Gerbe.
10:02 of 1st period - Stopped by Joonas Korpisalo with a rebound.
10:14 of 1st period - Petr Straka is hit by Chandler Stephenson and loses puck.
10:58 of 1st period - Brandon Montour is hit by Zachary Sanford and loses puck.
11:19 of 1st period - Snap shot by A.J. Jenks.
11:19 of 1st period - Deflect By Brett Bulmer.
11:19 of 1st period - Shot Blocked by Roland McKeown.
11:19 of 1st period - Puck is out of play.
11:20 of 1st period - Sergey Kalinin wins face-off versus Chandler Stephenson in Sasquatch zone.
11:25 of 1st period - Backhand shot by Petr Straka.
11:25 of 1st period - Stopped by Justin Peters without a rebound.
11:26 of 1st period - Nathan Gerbe wins face-off versus Sergey Kalinin in Senators zone.
11:42 of 1st period - Minor Penalty to Scott Harrington for High sticking.
11:43 of 1st period - Jonathan Ferland wins face-off versus Jujhar Khaira in Senators zone.
11:59 of 1st period - Snap shot by Nathan Gerbe.
11:59 of 1st period - Shot Misses the Net.
12:09 of 1st period - Nathan Gerbe is hit by Valentin Zykov and loses puck.
12:48 of 1st period - Jack Dougherty is hit by Jujhar Khaira and loses puck.
13:42 of 1st period - Penalty to Scott Harrington is over, Scott Harrington is back on ice.
13:58 of 1st period - Jonathan Ferland is hit by Roope Hintz and loses puck.
14:12 of 1st period - Valentin Zykov is hit by Zemgus Girgensons.
14:30 of 1st period - Snap shot by Jonathan Ferland.
14:30 of 1st period - Stopped by Joonas Korpisalo with a rebound.
14:32 of 1st period - Slapshot by Joonas Lyytinen.
14:32 of 1st period - Shot Misses the Net.
15:01 of 1st period - Icing by Chandler Stephenson.
15:02 of 1st period - Chandler Stephenson wins face-off versus Devin Shore in Senators zone.
15:19 of 1st period - Philippe Myers is hit by Martin Marincin and loses puck.
15:45 of 1st period - Philippe Myers is hit by Valentin Zykov and loses puck.
16:30 of 1st period - Icing by A.J. Jenks.
16:31 of 1st period - Devin Shore wins face-off versus Chandler Stephenson in Senators zone.
16:32 of 1st period - Snap shot by Jujhar Khaira.
16:32 of 1st period - Stopped by Justin Peters without a rebound.
16:33 of 1st period - Devin Shore wins face-off versus Kevin Rooney in Senators zone.
16:40 of 1st period - Snap shot by Devin Shore.
16:40 of 1st period - Stopped by Justin Peters without a rebound.
16:41 of 1st period - Kevin Rooney wins face-off versus Devin Shore in Senators zone.
16:41 of 1st period - Kevin Rooney is hit by Devin Shore.
16:49 of 1st period - Snap shot by Zemgus Girgensons.
16:49 of 1st period - Stopped by Joonas Korpisalo with a rebound.
16:51 of 1st period - Wrist shot by Grant Besse.
16:51 of 1st period - Stopped by Joonas Korpisalo without a rebound.
16:52 of 1st period - Devin Shore wins face-off versus Nathan Gerbe in Sasquatch zone.
16:52 of 1st period - Devin Shore is hit by Scott Harrington.
16:53 of 1st period - Minor Penalty to Timo Meier for Interference.
16:54 of 1st period - Sergey Kalinin wins face-off versus Nathan Gerbe in Sasquatch zone.
17:21 of 1st period - Wrist shot by Zemgus Girgensons.
17:21 of 1st period - Shot Blocked by Brandon Montour.
17:23 of 1st period - Snap shot by Kevin Rooney.
17:23 of 1st period - Goal by Kevin Rooney - Senators : 1 - Sasquatch : 0.
17:24 of 1st period - Nathan Gerbe wins face-off versus Devin Shore in neutral zone.
17:36 of 1st period - Slapshot by Jonathan Ferland.
17:36 of 1st period - Shot Blocked by Devin Shore.
17:38 of 1st period - Snap shot by Jonathan Ferland.
17:38 of 1st period - Shot Blocked by Jujhar Khaira.
17:40 of 1st period - Snap shot by Nick Foligno.
17:40 of 1st period - Stopped by Joonas Korpisalo without a rebound.
17:41 of 1st period - Roope Hintz wins face-off versus Kevin Rooney in Sasquatch zone.
17:48 of 1st period - Icing by Kevin Rooney.
17:49 of 1st period - Sergey Kalinin wins face-off versus Kevin Rooney in Senators zone.
17:52 of 1st period - Snap shot by Petr Straka.
17:52 of 1st period - Shot Blocked by Grant Besse.
18:38 of 1st period - Snap shot by A.J. Jenks.
18:38 of 1st period - Stopped by Joonas Korpisalo with a rebound.
18:40 of 1st period - Snap shot by Anthony Bitetto.
18:40 of 1st period - Stopped by Joonas Korpisalo without a rebound.
18:41 of 1st period - Kevin Rooney wins face-off versus T.J. Tynan in Sasquatch zone.
18:46 of 1st period - Wrist shot by Grant Besse.
18:46 of 1st period - Shot Misses the Net.
18:52 of 1st period - Snap shot by Zemgus Girgensons.
18:52 of 1st period - Stopped by Joonas Korpisalo with a rebound.
19:06 of 1st period - Teemu Hartikainen is hit by Chandler Stephenson and loses puck.
19:13 of 1st period - Snap shot by A.J. Jenks.
19:13 of 1st period - Shot Misses the Net.
19:15 of 1st period - Snap shot by A.J. Jenks.
19:15 of 1st period - Stopped by Joonas Korpisalo with a rebound.
19:19 of 1st period - Snap shot by Chandler Stephenson.
19:19 of 1st period - Shot Misses the Net.
19:56 of 1st period - Wrist shot by Zemgus Girgensons.
19:56 of 1st period - Shot Misses the Net.
Goals for this period are 1 for Senators vs 0 for Sasquatch.
Shots for this period are 12 for Senators vs 8 for Sasquatch.
2nd period
0:01 of 2nd period - Timo Meier wins face-off versus Nathan Gerbe in neutral zone.
0:14 of 2nd period - Wrist shot by Timo Meier.
0:14 of 2nd period - Stopped by Justin Peters with a rebound.
0:16 of 2nd period - Snap shot by Brandon Montour.
0:16 of 2nd period - Deflect By Timo Meier.
0:16 of 2nd period - Stopped by Justin Peters with a rebound.
0:53 of 2nd period - Martin Marincin is hit by Dylan Blujus and loses puck.
0:59 of 2nd period - Icing by Sergey Kalinin.
1:00 of 2nd period - Kevin Rooney wins face-off versus Sergey Kalinin in Sasquatch zone.
1:05 of 2nd period - Backhand shot by Kevin Rooney.
1:05 of 2nd period - Shot Misses the Net.
1:07 of 2nd period - Wrist shot by Zemgus Girgensons.
1:07 of 2nd period - Stopped by Joonas Korpisalo with a rebound.
1:09 of 2nd period - Snap shot by Grant Besse.
1:09 of 2nd period - Shot Misses the Net.
1:11 of 2nd period - Wrist shot by Zemgus Girgensons.
1:11 of 2nd period - Shot Misses the Net.
1:13 of 2nd period - Slapshot by Anthony Bitetto.
1:13 of 2nd period - Shot Blocked by Petr Straka.
1:15 of 2nd period - Snap shot by Zemgus Girgensons.
1:15 of 2nd period - Shot Misses the Net.
1:19 of 2nd period - Backhand shot by Anthony Bitetto.
1:19 of 2nd period - Deflect By Petr Straka.
1:19 of 2nd period - Stopped by Joonas Korpisalo without a rebound.
1:20 of 2nd period - Devin Shore wins face-off versus Chandler Stephenson in Sasquatch zone.
1:27 of 2nd period - Wrist shot by Devin Shore.
1:27 of 2nd period - Stopped by Justin Peters without a rebound.
1:28 of 2nd period - Chandler Stephenson wins face-off versus Devin Shore in Senators zone.
1:41 of 2nd period - Wrist shot by Chandler Stephenson.
1:41 of 2nd period - Goal by Chandler Stephenson - Senators : 2 - Sasquatch : 0.
1:42 of 2nd period - Devin Shore wins face-off versus Nick Foligno in neutral zone.
1:57 of 2nd period - Icing by Patrick Wey.
1:58 of 2nd period - Devin Shore wins face-off versus Kevin Rooney in Sasquatch zone.
2:57 of 2nd period - Snap shot by Timo Meier.
2:57 of 2nd period - Stopped by Justin Peters with a rebound.
2:59 of 2nd period - Slapshot by Brandon Montour.
2:59 of 2nd period - Stopped by Justin Peters with a rebound.
3:01 of 2nd period - Wrist shot by Brandon Montour.
3:01 of 2nd period - Stopped by Justin Peters with a rebound.
3:09 of 2nd period - Snap shot by Jujhar Khaira.
3:09 of 2nd period - Shot Blocked by Scott Harrington.
3:11 of 2nd period - Snap shot by Timo Meier.
3:11 of 2nd period - Deflect By Devin Shore.
3:11 of 2nd period - Shot Misses the Net.
3:11 of 2nd period - Puck is out of play.
3:12 of 2nd period - Sergey Kalinin wins face-off versus Kevin Rooney in Senators zone.
3:15 of 2nd period - Snap shot by Petr Straka.
3:15 of 2nd period - Deflect By Sergey Kalinin.
3:15 of 2nd period - Shot Misses the Net.
3:15 of 2nd period - Puck is out of play.
3:16 of 2nd period - Kevin Rooney wins face-off versus Sergey Kalinin in Senators zone.
3:21 of 2nd period - Petr Straka is hit by Grant Besse.
3:45 of 2nd period - Slapshot by Chandler Stephenson.
3:45 of 2nd period - Stopped by Joonas Korpisalo with a rebound.
3:51 of 2nd period - Snap shot by Chandler Stephenson.
3:51 of 2nd period - Deflect By A.J. Jenks.
3:51 of 2nd period - Stopped by Joonas Korpisalo without a rebound.
3:52 of 2nd period - Nathan Gerbe wins face-off versus T.J. Tynan in Sasquatch zone.
3:59 of 2nd period - Wrist shot by Nathan Gerbe.
3:59 of 2nd period - Shot Misses the Net.
4:01 of 2nd period - Slapshot by Keegan Lowe.
4:01 of 2nd period - Stopped by Joonas Korpisalo with a rebound.
4:03 of 2nd period - Snap shot by Nick Foligno.
4:03 of 2nd period - Stopped by Joonas Korpisalo without a rebound.
4:04 of 2nd period - Nathan Gerbe wins face-off versus Timo Meier in Sasquatch zone.
4:05 of 2nd period - Snap shot by Jonathan Ferland.
4:05 of 2nd period - Stopped by Joonas Korpisalo with a rebound.
4:30 of 2nd period - Patrick Wey is hit by Anthony Bitetto and loses puck.
5:56 of 2nd period - Slapshot by A.J. Jenks.
5:56 of 2nd period - Stopped by Joonas Korpisalo without a rebound.
5:57 of 2nd period - Sergey Kalinin wins face-off versus A.J. Jenks in Sasquatch zone.
6:00 of 2nd period - Snap shot by Chandler Stephenson.
6:00 of 2nd period - Shot Misses the Net.
6:02 of 2nd period - Slapshot by Brett Bulmer.
6:02 of 2nd period - Shot Misses the Net.
6:04 of 2nd period - Snap shot by Brett Bulmer.
6:04 of 2nd period - Shot Misses the Net.
6:06 of 2nd period - Snap shot by Brett Bulmer.
6:06 of 2nd period - Shot Misses the Net.
6:08 of 2nd period - Slapshot by Anthony Bitetto.
6:08 of 2nd period - Stopped by Joonas Korpisalo with a rebound.
6:45 of 2nd period - Wrist shot by Teemu Hartikainen.
6:45 of 2nd period - Stopped by Justin Peters with a rebound.
6:47 of 2nd period - Slapshot by Devin Shore.
6:47 of 2nd period - Shot Blocked by Scott Harrington.
6:57 of 2nd period - Backhand shot by Devin Shore.
6:57 of 2nd period - Stopped by Justin Peters without a rebound.
6:58 of 2nd period - Nathan Gerbe wins face-off versus Sergey Kalinin in Senators zone.
7:00 of 2nd period - Minor Penalty to Keegan Lowe for Holding.
7:01 of 2nd period - Jonathan Ferland wins face-off versus Devin Shore in Senators zone.
7:14 of 2nd period - Minor Penalty to Jujhar Khaira for Kneeing.
7:15 of 2nd period - Devin Shore wins face-off versus Jonathan Ferland in Sasquatch zone.
8:17 of 2nd period - Wrist shot by Collin Miller.
8:17 of 2nd period - Stopped by Justin Peters with a rebound.
9:00 of 2nd period - Penalty to Keegan Lowe is over, Keegan Lowe is back on ice.
9:03 of 2nd period - Snap shot by Dylan Blujus.
9:03 of 2nd period - Shot Blocked by Martin Marincin.
9:14 of 2nd period - Penalty to Jujhar Khaira is over, Jujhar Khaira is back on ice.
9:43 of 2nd period - Snap shot by Kyle Connor.
9:43 of 2nd period - Shot Blocked by Sergey Kalinin.
9:53 of 2nd period - Wrist shot by Keegan Lowe.
9:53 of 2nd period - Stopped by Joonas Korpisalo with a rebound.
10:01 of 2nd period - Snap shot by Keegan Lowe.
10:01 of 2nd period - Shot Blocked by Teemu Hartikainen.
10:03 of 2nd period - Slapshot by Keegan Lowe.
10:03 of 2nd period - Shot Blocked by Martin Marincin.
10:07 of 2nd period - Snap shot by Jonathan Ferland.
10:07 of 2nd period - Stopped by Joonas Korpisalo with a rebound.
10:09 of 2nd period - Backhand shot by Scott Harrington.
10:09 of 2nd period - Stopped by Joonas Korpisalo without a rebound.
10:10 of 2nd period - Kevin Rooney wins face-off versus Jack Roslovic in Sasquatch zone.
10:25 of 2nd period - Snap shot by Grant Besse.
10:25 of 2nd period - Stopped by Joonas Korpisalo with a rebound.
10:37 of 2nd period - Eric Mestery is hit by Devin Shore and loses puck.
12:57 of 2nd period - Icing by Devin Shore.
12:58 of 2nd period - Nathan Gerbe wins face-off versus T.J. Tynan in Sasquatch zone.
13:11 of 2nd period - Slapshot by Kevin Rooney.
13:11 of 2nd period - Shot Misses the Net.
14:45 of 2nd period - Off-side.
14:46 of 2nd period - Kevin Rooney wins face-off versus Jack Roslovic in neutral zone.
14:51 of 2nd period - Snap shot by Zemgus Girgensons.
14:51 of 2nd period - Goal by Zemgus Girgensons - Senators : 3 - Sasquatch : 0.
14:52 of 2nd period - Nathan Gerbe wins face-off versus Sergey Kalinin in neutral zone.
14:55 of 2nd period - Backhand shot by Keegan Lowe.
14:55 of 2nd period - Deflect By Nick Foligno.
14:55 of 2nd period - Goal by Nick Foligno - Senators : 4 - Sasquatch : 0.
14:56 of 2nd period - Nathan Gerbe wins face-off versus Sergey Kalinin in neutral zone.
15:05 of 2nd period - Nick Foligno is hit by Sergey Kalinin.
15:06 of 2nd period - Icing by Nick Foligno.
15:07 of 2nd period - Nathan Gerbe wins face-off versus Sergey Kalinin in Senators zone.
15:18 of 2nd period - Wrist shot by Jonathan Ferland.
15:18 of 2nd period - Goal by Jonathan Ferland - Senators : 5 - Sasquatch : 0.
15:19 of 2nd period - Nathan Gerbe wins face-off versus Devin Shore in neutral zone.
15:24 of 2nd period - Snap shot by Keegan Lowe.
15:24 of 2nd period - Stopped by Joonas Korpisalo with a rebound.
15:56 of 2nd period - Icing by Anthony Bitetto.
15:57 of 2nd period - Sergey Kalinin wins face-off versus Nathan Gerbe in Senators zone.
16:06 of 2nd period - Snap shot by Nathan Gerbe.
16:06 of 2nd period - Shot Misses the Net.
16:08 of 2nd period - Wrist shot by Nathan Gerbe.
16:08 of 2nd period - Stopped by Joonas Korpisalo without a rebound.
16:09 of 2nd period - Sergey Kalinin wins face-off versus Kevin Rooney in Sasquatch zone.
16:14 of 2nd period - Grant Besse is hit by Roope Hintz and loses puck.
16:21 of 2nd period - Martin Marincin is hit by Grant Besse and loses puck.
16:59 of 2nd period - Wrist shot by Jonathan Ferland.
16:59 of 2nd period - Stopped by Joonas Korpisalo with a rebound.
18:37 of 2nd period - Icing by Keegan Lowe.
18:38 of 2nd period - Kevin Rooney wins face-off versus Sergey Kalinin in Senators zone.
18:43 of 2nd period - Petr Straka is hit by Brett Bulmer and loses puck.
18:50 of 2nd period - Snap shot by Chandler Stephenson.
18:50 of 2nd period - Goal by Chandler Stephenson - Senators : 6 - Sasquatch : 0.
18:51 of 2nd period - Devin Shore wins face-off versus Nathan Gerbe in neutral zone.
19:00 of 2nd period - Wrist shot by Devin Shore.
19:00 of 2nd period - Stopped by Justin Peters with a rebound.
19:02 of 2nd period - Snap shot by Timo Meier.
19:02 of 2nd period - Stopped by Justin Peters without a rebound.
19:03 of 2nd period - Devin Shore wins face-off versus Nathan Gerbe in Senators zone.
19:06 of 2nd period - Wrist shot by Devin Shore.
19:06 of 2nd period - Stopped by Justin Peters without a rebound.
19:07 of 2nd period - Devin Shore wins face-off versus Nathan Gerbe in Senators zone.
19:22 of 2nd period - Slapshot by Timo Meier.
19:22 of 2nd period - Shot Blocked by Anthony Bitetto.
Goals for this period are 5 for Senators vs 0 for Sasquatch.
Shots for this period are 21 for Senators vs 12 for Sasquatch.
3rd period
0:01 of 3rd period - Nathan Gerbe wins face-off versus Devin Shore in neutral zone.
0:04 of 3rd period - Martin Marincin is hit by Jonathan Ferland and loses puck.
0:13 of 3rd period - Wrist shot by Nathan Gerbe.
0:13 of 3rd period - Shot Misses the Net.
0:19 of 3rd period - Nathan Gerbe is hit by Devin Shore and loses puck.
0:29 of 3rd period - Icing by Timo Meier.
0:30 of 3rd period - Kevin Rooney wins face-off versus Jujhar Khaira in Sasquatch zone.
1:03 of 3rd period - Slapshot by Ethan Bear.
1:03 of 3rd period - Goal by Ethan Bear - Senators : 6 - Sasquatch : 1.
1:04 of 3rd period - Nathan Gerbe wins face-off versus Petr Straka in neutral zone.
1:07 of 3rd period - Slapshot by Keegan Lowe.
1:07 of 3rd period - Stopped by Joonas Korpisalo with a rebound.
2:06 of 3rd period - Hudson Fasching is hit by Jack Dougherty and loses puck.
2:21 of 3rd period - Wrist shot by Ethan Bear.
2:21 of 3rd period - Stopped by Justin Peters without a rebound.
2:22 of 3rd period - Devin Shore wins face-off versus Nathan Gerbe in Senators zone.
2:23 of 3rd period - Snap shot by Jujhar Khaira.
2:23 of 3rd period - Stopped by Justin Peters with a rebound.
2:25 of 3rd period - Slapshot by Collin Miller.
2:25 of 3rd period - Stopped by Justin Peters with a rebound.
2:27 of 3rd period - Slapshot by Roland McKeown.
2:27 of 3rd period - Shot Misses the Net.
2:47 of 3rd period - Zemgus Girgensons is hit by Sergey Kalinin and loses puck.
2:52 of 3rd period - Snap shot by Petr Straka.
2:52 of 3rd period - Shot Misses the Net.
3:32 of 3rd period - Wrist shot by Nathan Gerbe.
3:32 of 3rd period - Stopped by Joonas Korpisalo without a rebound.
3:33 of 3rd period - Nathan Gerbe wins face-off versus Jack Roslovic in Sasquatch zone.
3:34 of 3rd period - Snap shot by Jonathan Ferland.
3:34 of 3rd period - Shot Blocked by Martin Marincin.
3:36 of 3rd period - Slapshot by Eric Mestery.
3:36 of 3rd period - Shot Blocked by Ethan Bear.
4:27 of 3rd period - Wrist shot by Hudson Fasching.
4:27 of 3rd period - Shot Blocked by Zemgus Girgensons.
4:29 of 3rd period - Snap shot by Jack Roslovic.
4:29 of 3rd period - Shot Blocked by Jack Dougherty.
4:37 of 3rd period - Wrist shot by Hudson Fasching.
4:37 of 3rd period - Shot Hit the Post.
4:39 of 3rd period - Snap shot by Roland McKeown.
4:39 of 3rd period - Deflect By Zemgus Girgensons.
4:39 of 3rd period - Stopped by Justin Peters with a rebound.
4:41 of 3rd period - Slapshot by Collin Miller.
4:41 of 3rd period - Shot Blocked by Grant Besse.
4:43 of 3rd period - Wrist shot by Hudson Fasching.
4:43 of 3rd period - Deflect By Jack Dougherty.
4:43 of 3rd period - Stopped by Justin Peters with a rebound.
4:45 of 3rd period - Snap shot by Hudson Fasching.
4:45 of 3rd period - Shot Misses the Net.
4:47 of 3rd period - Slapshot by Ethan Bear.
4:47 of 3rd period - Shot Blocked by Zemgus Girgensons.
4:49 of 3rd period - Wrist shot by Hudson Fasching.
4:49 of 3rd period - Shot Misses the Net.
4:55 of 3rd period - Wrist shot by Jack Roslovic.
4:55 of 3rd period - Stopped by Justin Peters without a rebound.
4:56 of 3rd period - Nathan Gerbe wins face-off versus Sergey Kalinin in Senators zone.
4:56 of 3rd period - Nathan Gerbe is hit by Roope Hintz.
5:04 of 3rd period - Snap shot by Petr Straka.
5:04 of 3rd period - Shot Misses the Net.
5:06 of 3rd period - Snap shot by Petr Straka.
5:06 of 3rd period - Stopped by Justin Peters with a rebound.
7:57 of 3rd period - Slapshot by T.J. Tynan.
7:57 of 3rd period - Stopped by Justin Peters with a rebound.
8:24 of 3rd period - Icing by Petr Straka.
8:25 of 3rd period - Devin Shore wins face-off versus Kevin Rooney in Sasquatch zone.
8:48 of 3rd period - Snap shot by T.J. Tynan.
8:48 of 3rd period - Shot Misses the Net.
8:50 of 3rd period - Slapshot by Martin Marincin.
8:50 of 3rd period - Shot Blocked by Chandler Stephenson.
8:52 of 3rd period - Snap shot by Teemu Hartikainen.
8:52 of 3rd period - Shot Blocked by Brett Bulmer.
8:54 of 3rd period - Slapshot by Ethan Bear.
8:54 of 3rd period - Stopped by Justin Peters without a rebound.
8:55 of 3rd period - Sergey Kalinin wins face-off versus Nathan Gerbe in Senators zone.
8:58 of 3rd period - Snap shot by Petr Straka.
8:58 of 3rd period - Shot Misses the Net.
9:00 of 3rd period - Slapshot by Patrick Wey.
9:00 of 3rd period - Shot Blocked by Scott Harrington.
9:08 of 3rd period - Snap shot by Sergey Kalinin.
9:08 of 3rd period - Shot Misses the Net.
9:10 of 3rd period - Slapshot by Brandon Montour.
9:10 of 3rd period - Shot Blocked by Dylan Blujus.
9:20 of 3rd period - Patrick Wey is hit by Zemgus Girgensons and loses puck.
9:31 of 3rd period - Snap shot by Kevin Rooney.
9:31 of 3rd period - Stopped by Joonas Korpisalo with a rebound.
9:45 of 3rd period - Slapshot by Brandon Montour.
9:45 of 3rd period - Stopped by Justin Peters with a rebound.
10:42 of 3rd period - Snap shot by Devin Shore.
10:42 of 3rd period - Stopped by Justin Peters with a rebound.
11:36 of 3rd period - Roope Hintz is hit by Jonathan Ferland and loses puck.
12:39 of 3rd period - Wrist shot by Roope Hintz.
12:39 of 3rd period - Stopped by Justin Peters with a rebound.
13:27 of 3rd period - Jujhar Khaira is hit by Brett Bulmer and loses puck.
14:44 of 3rd period - Teemu Hartikainen is hit by Nick Foligno and loses puck.
15:46 of 3rd period - Wrist shot by Teemu Hartikainen.
15:46 of 3rd period - Shot Blocked by Anthony Bitetto.
16:07 of 3rd period - Wrist shot by Sergey Kalinin.
16:07 of 3rd period - Shot Blocked by Keegan Lowe.
16:09 of 3rd period - Slapshot by Timo Meier.
16:09 of 3rd period - Shot Blocked by Anthony Bitetto.
16:11 of 3rd period - Wrist shot by Roope Hintz.
16:11 of 3rd period - Shot Misses the Net.
16:13 of 3rd period - Snap shot by Sergey Kalinin.
16:13 of 3rd period - Goal by Sergey Kalinin - Senators : 6 - Sasquatch : 2.
16:14 of 3rd period - Nathan Gerbe wins face-off versus Devin Shore in neutral zone.
16:27 of 3rd period - Snap shot by Jonathan Ferland.
16:27 of 3rd period - Shot Misses the Net.
16:43 of 3rd period - Snap shot by A.J. Jenks.
16:43 of 3rd period - Shot Misses the Net.
16:45 of 3rd period - Slapshot by Anthony Bitetto.
16:45 of 3rd period - Stopped by Joonas Korpisalo without a rebound.
16:46 of 3rd period - Chandler Stephenson wins face-off versus Sergey Kalinin in Sasquatch zone.
16:47 of 3rd period - Wrist shot by A.J. Jenks.
16:47 of 3rd period - Goal by A.J. Jenks - Senators : 7 - Sasquatch : 2.
16:48 of 3rd period - Jujhar Khaira wins face-off versus Nathan Gerbe in neutral zone.
17:36 of 3rd period - Wrist shot by Dylan Blujus.
17:36 of 3rd period - Deflect By Brett Bulmer.
17:36 of 3rd period - Shot Misses the Net.
17:36 of 3rd period - Puck is out of play.
17:37 of 3rd period - T.J. Tynan wins face-off versus Chandler Stephenson in Sasquatch zone.
18:08 of 3rd period - Wrist shot by Jonathan Ferland.
18:08 of 3rd period - Stopped by Joonas Korpisalo with a rebound.
18:41 of 3rd period - Slapshot by Sergey Kalinin.
18:41 of 3rd period - Stopped by Justin Peters with a rebound.
19:07 of 3rd period - Minor Penalty to Keegan Lowe for Boarding.
19:08 of 3rd period - Devin Shore wins face-off versus Jonathan Ferland in Senators zone.
19:15 of 3rd period - Wrist shot by Devin Shore.
19:15 of 3rd period - Shot Blocked by Dylan Blujus.
Goals for this period are 1 for Senators vs 2 for Sasquatch.
Shots for this period are 6 for Senators vs 15 for Sasquatch.